 Dungeon Crawl Stone Soup version 0.24-a0-580-g6a6c3f83c1 (webtiles) character file.

Game seed: 4690374978366684212

42 Flugkiller the Insei (level 3, -4/20 HPs)
             Began as a Deep Elf Transmuter on Aug 21, 2019.
             Slain by a goblin
             ... wielding a +0 club
             ... led by Robin
              (6 damage)
             ... on level 2 of the Dungeon.
             The game lasted 00:03:14 (2144 turns).

Flugkiller the Insei (Deep Elf Transmuter)          Turns: 2144, Time: 00:03:15

Health: -4/20      AC:  3    Str:  7    XL:     3   Next: 33%
Magic:  9/9        EV: 13    Int: 21    God:
Gold:   47         SH:  0    Dex: 16    Spells: 5/8 levels left

rFire    . . .     SeeInvis .     - Unarmed
rCold    . . .     Gourm    .   (no shield)
rNeg     . . .     Faith    .   b - +0 robe
rPois    .         Spirit   .   h - +0 helmet (curse)
rElec    .         Reflect  .   (no cloak)
rCorr    .         Harm     .   (no gloves)
MR       .....     Rnd*Tele +   (boots currently unavailable)
Stlth    +.........             g - amulet of magic regeneration
HPRegen  0.06/turn              c - ring of teleportation (curse)
MPRegen  0.36/turn              j - +4 ring of intelligence

@: appendage
A: talons 3
a: End Transformation


You were on level 2 of the Dungeon.
You were hungry.
You had grown temporary talons.
You visited 1 branch of the dungeon, and saw 2 of its levels.

You collected 47 gold pieces.

Inventory:

Missiles
 a - 21 arrows
 e - 5 javelins (quivered)
 n - 91 stones
Armour
 b - a +0 robe (worn)
 h - a cursed +0 helmet (worn)
   (You found it on level 1 of the Dungeon)
Jewellery
 c - a cursed ring of teleportation (left hand)
   (You found it on level 1 of the Dungeon)
 g - an amulet of magic regeneration (around neck)
   (You found it on level 1 of the Dungeon)
 j - a +4 ring of intelligence (right hand)
   (You found it on level 1 of the Dungeon)
Scrolls
 k - a scroll of teleportation
Potions
 f - a potion of degeneration {unknown}
 i - a potion of heal wounds
Comestibles
 d - 2 rations


   Skills:
 - Level 0.7 Fighting
 - Level 2.4 Dodging
 + Level 3.6 Unarmed Combat
 - Level 3.0 Spellcasting
 - Level 2.1 Transmutations


You had 5 spell levels left.
You knew the following spells:

 Your Spells              Type           Power        Failure   Level  Hunger
a - Beastly Appendage     Tmut           ##....       5%          1    None
b - Sticks to Snakes      Tmut           ##......     9%          2    ##.....

Your spell library contained the following spells:

 Spells                   Type           Power        Failure   Level  Hunger
 Spider Form              Tmut/Pois      #.........   26%         3    ###....
 Ice Form                 Ice/Tmut       #.......     63%         4    ####...
 Blade Hands              Tmut           ##........   83%         5    ######.


Dungeon Overview and Level Annotations

Branches:
Dungeon (2/15)

Altars:
Uskayaw

Annotations:
D:2 Robin, Sigmund


Innate Abilities, Weirdness & Mutations

You have claws for feet.


Message History

You closely miss the goblin. The goblin closely misses you.
The goblin barely misses you.
Unknown command.
You completely miss the goblin.
The goblin no longer looks unusually strong.
The goblin barely misses you. Robin throws the goblin at you!
The goblin closely misses you.
Unknown command.
You hit the goblin.
You kill the goblin!
The goblin barely misses you.
Unknown command.
A bat and a goblin come into view.
The goblin shouts!
Robin roars a battlecry!
The goblins go into a battle-frenzy!
You hit the goblin.
You kill the goblin!
The bat barely misses you. The goblin hits you with a +0 club.
* * * LOW HITPOINT WARNING * * *
Casting: Beastly Appendage (safe; 5% risk of failure)
Confirm with . or Enter, or press ? or * to list all spells.
Your feet morph into talons.
The bat barely misses you. Robin hits you but does no damage.
Unknown command.
You hit the bat but do no damage. Your kick misses the bat.
The bat barely misses you. The bat completely misses you.
The goblin misses you. Robin throws the goblin at you!
* * * LOW HITPOINT WARNING * * *
You closely miss the bat. The bat hits you but does no damage.
The bat hits you.
* * * LOW HITPOINT WARNING * * *
The goblin hits you with a +0 club.
* * * LOW HITPOINT WARNING * * *
Robin roars a battlecry!
The goblin unwields a +0 hunting sling.
The goblin wields a +0 club.
The goblin closely misses you.
You closely miss the bat. The bat hits you but does no damage.
The goblin hits you but does no damage.
A quokka comes into view.
The goblin barely misses you.
Unknown command.
The bat hits you but does no damage. The bat closely misses you.
You see here a +0 club.
The bat hits you.
* * * LOW HITPOINT WARNING * * *
The bat hits you but does no damage. Robin throws the goblin at you!
* * * LOW HITPOINT WARNING * * *
The goblin hits you with a +0 club.
You die...

############.#
#
#.gg.........##
##
#.#####........
..
#.#####g###..##
##
#.##.g.g...r...
#.##.#####.#.##
#(##)# # #(.g.#
#.)@b#
#(.g.#####..#
#....)......#
#..###..###.#
#.)# .## #..#
.# #..# .#
#..###.####.#
#....<#.....#


You could see Robin, 2 goblins and a bat.

Vanquished Creatures
  An ooze (D:1)
  A leopard gecko (D:1)
  4 bats
  6 hobgoblins
  2 frilled lizards
  9 goblins
  7 kobolds
  A rat (D:1)
31 creatures vanquished.

Notes
Turn   | Place    | Note
-------+----------+-------------------------------------------
     0 | D:1      | Flugkiller the Deep Elf Transmuter began the quest for the
                  | Orb.
     0 | D:1      | Reached XP level 1. HP: 11/11 MP: 6/6
   440 | D:1      | Reached XP level 2. HP: 14/16 MP: 8/8
  1559 | D:2      | Found a hide-covered altar of Uskayaw.
  1586 | D:2      | Noticed Sigmund
  1594 | D:2      | Learned a level 2 spell: Sticks to Snakes
  1759 | D:2      | Noticed Robin
  1766 | D:2      | Reached XP level 3. HP: 18/20 MP: 9/9
  2144 | D:2      | Slain by a goblin

Levels and vault maps discovered:
D:1:      lightli_arrival_statuegarden, layout_basic
D:2:      layout_loops_ring, overflow_temple_1_default, lemuel_round_altar,
          dk_noncrumbling_2, kennysheep_pointless_box, minmay_tetromino_t4,
          uniq_robin, uniq_sigmund

Skill      XL: |  1  2 |
---------------+-------+-----
Unarmed Combat | 3 |  3.6
Fighting       | |  0.7
Dodging        | |  2.4
Spellcasting   | |  3.0
Transmutations | |  2.1

Action                   || total
-------------------------++-------
Melee: Unarmed           ||   113
       Kick              ||     9
       Punch             ||     2
Throw: Javelin           ||     5
 Cast: Beastly Appendage ||    10
  Use: Scroll            ||     4
  Eat: Chunk             ||     3
Armor: Robe              ||    30
Dodge: Dodged            ||    84

Table legend:
 A = Non-vault XP
 B = Vault XP
 C = Vault XP percentage of total XP
 D = Non-vault monster count
 E = Vault monster count
 F = Vault count percentage of total count
                 A         B        C        D         E       F
            +---------+---------+-------+---------+---------+-------
      Total |      41 |      19 |  31.7 |      21 |      10 |  32.3
            +---------+---------+-------+---------+---------+-------
        D:1 |      36 |       0 |   0.0 |      18 |       0 |   0.0
        D:2 |       5 |      19 |  79.2 |       3 |      10 |  76.9
            +---------+---------+-------+---------+---------+-------
